 Dungeon Crawl Stone Soup version 0.22-a0-810-g93d1441 (webtiles) character file.

613 Atlas the Grave Robber (level 7, 0/48 HPs)
             Began as a Mummy Necromancer on July 23, 2018.
             Slain by a hippogriff (1 damage)
             ... on level 5 of the Dungeon.
             The game lasted 00:06:42 (5287 turns).

Atlas the Grave Robber (Mummy Necromancer)          Turns: 5287, Time: 00:06:42

Health: 0/48       AC:  4    Str: 12    XL:     7   Next: 20%
Magic:  13/22      EV: 12    Int: 16    God:
Gold:   311        SH:  0    Dex: 12    Spells: 10/14 levels left

rFire    x . .     SeeInvis .   h - +0 dagger (speed)
rCold    + . .     Gourm    .   (no shield)
rNeg     + + +     Faith    .   f - +1 leather armour
rPois    ∞         Spirit   .   (no helmet)
rElec    .         Reflect  .   (no cloak)
rCorr    .         Harm     .   (no gloves)
MR       .....                  (no boots)
Stlth    ++........             (no amulet)
HPRegen  0.16/turn              l - ring of magical power
MPRegen  0.18/turn              c - +3 ring of slaying

@: no status effects
A: no food or potions, fire vulnerability, cold resistance 1, negative energy
resistance 3, torment resistance, unbreathing
a: no special abilities


You were on level 5 of the Dungeon.
You were not hungry.

You visited 1 branch of the dungeon, and saw 5 of its levels.

You collected 311 gold pieces.

Inventory:

Hand Weapons
 h - a +0 dagger of speed (weapon)
Armour
 f - a +1 leather armour (worn)
 o - the +0 robe of Ontasegu {rPois rN++}
   (You found it on level 4 of the Dungeon)

   It protects you from poison.
   It greatly protects you from negative energy.
Jewellery
 c - a +3 ring of slaying (right hand)
 g - an uncursed ring of see invisible
 l - a ring of magical power (left hand)
Wands
 m - a wand of random effects (12)
Scrolls
 a - a scroll of random uselessness {unknown}
 b - a scroll of amnesia
 d - a scroll of noise {unknown}
 e - a scroll of enchant weapon {unknown}
 i - a scroll of enchant armour
 k - a scroll of remove curse {unknown}
 n - a scroll of teleportation


   Skills:
 + Level 1.3 Fighting
 + Level 2.0 Short Blades
 + Level 2.0 Armour
 + Level 2.0 Dodging
 + Level 2.0 Stealth
 * Level 2.5 Unarmed Combat
 + Level 4.3 Spellcasting
 + Level 5.7 Necromancy


You had 10 spell levels left.
You knew the following spells:

 Your Spells              Type           Power        Failure   Level  Hunger
a - Pain                  Necr           ###.         1%          1    N/A
c - Vampiric Draining     Necr           ###.......   6%          3    N/A

Your spell library contained the following spells:

 Spells                   Type           Power        Failure   Level  Hunger
 Animate Dead             Necr           N/A          21%         4    N/A
 Animate Skeleton         Necr           N/A          1%          1    N/A
 Regeneration             Chrm/Necr      ##........   19%         3    N/A

Dungeon Overview and Level Annotations

Branches:
Dungeon (5/15)
 Temple: D:4-7

Altars:
Elyvilon
Wu Jian


Innate Abilities, Weirdness & Mutations

You do not eat or drink.
Your flesh is vulnerable to fire.
You are immune to poison.
Your flesh is cold resistant. (rC+)
You are immune to negative energy. (rN+++)
You are immune to unholy pain and torment.
You can survive without breathing.


Message History

Aim: a hippogriff (heavily wounded)
The hippogriff is severely wounded.
You feel life coursing into your body.
The hound barks!
The hippogriff barely misses you. The hippogriff pecks you.
* * * LOW HITPOINT WARNING * * *
The hippogriff closely misses you.
Unknown command.
Casting: Vampiric Draining (safe; 6% risk of failure)
Confirm with . or Enter, or press ? or * to list all spells.
Aiming: Vampiric Draining (safe; 6% risk of failure)
Press: ? - help, Shift-Dir - straight line, f/p - hippogriff
Aim: a hippogriff (severely wounded)
Okay, then.
Unknown command.
As you read the scroll labeled FEUSA BYKYCACK, it crumbles to dust.
It is a scroll of identify.
n - a scroll of teleportation The hound misses you.
The hippogriff bites you.
You die...

###########
+..<....... .
#.......... ..
#.......... ...
#.......... ....
#..........
#.(..
##....###..
#.....##h######
#
#....5.@........
#.....H.........
+...............
#...............
#.....##....##.#
#..... ###### #
#..$.. ......


You could see a hippogriff, a hound and a crimson imp.

Vanquished Creatures
  Sigmund (D:3)
  An ogre (D:4)
  A scorpion (D:4)
  A jelly (D:3)
  A centaur skeleton (D:4)
  Natasha (thrice) (D:4)
  3 gnolls (D:4)
  10 adders
  2 oozes (D:2)
  2 worms (D:2)
  3 dart slugs
  2 leopard geckos
  3 orcs (D:3)
  3 giant cockroaches
  7 goblins
  9 hobgoblins
  3 jackals (D:4)
  2 quokkas
  4 bats
  2 frilled lizards (D:2)
  10 kobolds
  8 rats
81 creatures vanquished.

Notes
Turn   | Place    | Note
-------+----------+-------------------------------------------
     0 | D:1      | Atlas the Mummy Necromancer began the quest for the Orb.
     0 | D:1      | Reached XP level 1. HP: 13/13 MP: 4/4
   589 | D:1      | Reached XP level 2. HP: 13/19 MP: 1/5
  1521 | D:2      | Reached XP level 3. HP: 24/24 MP: 1/7
  1590 | D:2      | Learned a level 3 spell: Vampiric Draining
  1606 | D:2      | Reached skill level 1 in Unarmed Combat
  2111 | D:2      | Reached XP level 4. HP: 21/30 MP: 4/8
  2629 | D:3      | Reached skill level 5 in Necromancy
  2719 | D:3      | Reached XP level 5. HP: 18/35 MP: 1/9
  3137 | D:3      | Reached skill level 1 in Armour
  3143 | D:3      | Noticed Sigmund
  3294 | D:3      | Killed Sigmund
  3294 | D:3      | Reached skill level 1 in Short Blades
  3294 | D:3      | Reached XP level 6. HP: 31/42 MP: 0/11
  3810 | D:4      | Found an ornate altar of the Wu Jian Council.
  3810 | D:4      | Noticed Natasha
  3819 | D:4      | Killed Natasha
  4015 | D:4      | Noticed Natasha
  4204 | D:4      | Killed Natasha
  4268 | D:4      | Noticed Natasha
  4274 | D:4      | Killed Natasha
  4274 | D:4      | Reached skill level 1 in Fighting
  4471 | D:4      | Found a white marble altar of Elyvilon.
  4497 | D:4      | HP: 2/43 [ogre/giant club (19)]
  4498 | D:4      | Reached XP level 7. HP: 3/48 MP: 12/13
  4889 | D:4      | Got a steaming robe
  4900 | D:4      | Identified the +0 robe of Ontasegu {rPois rN++} (You found it on level 4 of the Dungeon)
  5267 | D:5      | Entered Level 5 of the Dungeon
  5274 | D:5      | Noticed a hippogriff
  5285 | D:5      | HP: 2/48 [hippogriff (2)]
  5287 | D:5      | Slain by a hippogriff

Vault maps used:
D:1:      tarquinn_simple_flora_water_a
D:3:      serial_forest, infiniplex_forest_pool, infiniplex_forest_clump_medium,
          infiniplex_forest_straight_2, infiniplex_forest_straight_2,
          infiniplex_forest_fountain, infiniplex_forest_lined_room_3,
          infiniplex_forest_end_2, nrook_mini_vaults, grunt_ministairs_3,
          kennysheep_generic_room_13, uniq_sigmund
D:4:      elyvilon_altar_5, old_standard_altar, kennysheep_generic_room_5,
          uniq_natasha
D:5:      kennysheep_little_box, minmay_temple_entry_statues_fountains,
          first_ration, minmay_misc_feat_five, columned_hall_lemuel

Skill      XL: |  1  2  3  4  5  6  7 |
---------------+----------------------+-----
Unarmed Combat | 1 2 |  2.5
Spellcasting   | 3 4 |  4.3
Necromancy     | 5 |  5.7
Armour         | 1 2 |  2.0
Short Blades   | 1 2 |  2.0
Fighting       | 1 |  1.3
Dodging        | 2 |  2.0
Stealth        | 2 |  2.0

Action                   |  1- 3 |  4- 6 |  7- 9 || total
-------------------------+-------+-------+-------++-------
Melee: Unarmed           |    14 |       |       ||    14
       Dagger            |    47 |   205 |    34 ||   286
       Punch             |       |       |     2 ||     2
 Cast: Pain              |    58 |    24 |       ||    82
       Vampiric Draining |     2 |    16 |     7 ||    25
  Use: Scroll            |       |     4 |     1 ||     5
 Stab: Sleeping          |       |     1 |       ||     1
Armor: Leather armour    |     6 |    36 |     6 ||    48
Dodge: Dodged            |    37 |    97 |    26 ||   160

Table legend:
 A = Spawn XP
 B = Non-spawn XP
 C = Spawn XP percentage of total XP
 D = Spawn monster count
 E = Non-spawn monster count
 F = Spawn count percentage of total count
 G = Total turns spent on level
                    A         B        C        D         E        F      G
               +---------+---------+-------+---------+---------+-------+---------
         Total |       0 |     876 |   0.0 |       0 |      81 |   0.0 |  5287
               +---------+---------+-------+---------+---------+-------+---------
           D:1 |       0 |      23 |   0.0 |       0 |      13 |   0.0 |  1404
           D:2 |       0 |     122 |   0.0 |       0 |      28 |   0.0 |  1339
           D:3 |       0 |     331 |   0.0 |       0 |      24 |   0.0 |  1195
           D:4 |       0 |     400 |   0.0 |       0 |      16 |   0.0 |  1329
               +---------+---------+-------+---------+---------+-------+---------
